 Dungeon Crawl Stone Soup version 0.31-a0-1019-g3dd9dd1025 (webtiles) character file.

Game seed: 6857219636701166701

470 Malachi the Ruffian (level 6, -17/43 HPs)
             Began as a Vampire Shapeshifter on Nov 17, 2023.
             Killed from afar by an acid dragon (29 damage)
             ... with a splash of acid
             ... on level 5 of the Dungeon.
             The game lasted 00:07:07 (3394 turns).

Malachi the Ruffian (Vampire Shapeshifter)          Turns: 3394, Time: 00:07:08

Health: -17/43     AC: 12    Str: 15    XL:     6   Next: 82%
Magic:  6/6        EV:  7    Int: 12    God:
Gold:   203        SH:  0    Dex: 14    Spells: 5/5 levels left

rFire   . .          .
                       - Unarmed
rCold   . . .        (no shield)
rNeg    + . .        b - +0 chain mail
rPois   .            (helmet currently unavailable)
rElec   .            (cloak currently unavailable)
rCorr   .            (gloves currently unavailable)
SInv    +            (boots currently unavailable)
Will    .....        f - amulet of regeneration Stlth
                     e - ring of positive energy
HPRegen 1.27/turn    j - +4 ring of protection
MPRegen 0.10/turn

%: no passive effects
@: beast-form, healing quickly
A: beast (slay +3), alive, fangs 3, see invisible, vampiric 2
a: Exsanguinate, Begin Untransformation


You were on level 5 of the Dungeon.
You were a hulking beast.
You visited 1 branch of the dungeon, and saw 5 of its levels.

You collected 203 gold pieces.

Inventory:

Armour
 b - a +0 chain mail (worn)
 l - a +0 cloak
 m - a +0 leather armour
Jewellery
 a - an amulet of reflection
 e - a ring of positive energy (left hand)
 f - an amulet of regeneration (around neck)
 j - a +4 ring of protection (right hand)
Talismans
 c - a beast talisman
 d - a flux talisman
 y - a blade talisman
Wands
 t - a wand of polymorph (6)
 w - a wand of flame (29)
Scrolls
 h - a scroll of fear
 n - a scroll of fog
 o - 4 scrolls of teleportation
 p - a scroll of noise {unknown}
 q - 2 scrolls of brand weapon
 s - a scroll of amnesia {unknown}
 x - a scroll of enchant armour {unknown}
Potions
 g - 2 potions of heal wounds {unknown}
 i - 2 potions of mutation {unknown}
 k - a potion of attraction {unknown}
 r - a potion of curing {unknown}
 u - a potion of berserk rage {unknown}
 v - a potion of might {unknown}
 z - a potion of cancellation {unknown}
 A - a potion of haste {unknown}


   Skills:
 - Level 1.1 Fighting
 - Level 2.3 Dodging
 - Level 6.3 Unarmed Combat
 + Level 6.1 Shapeshifting


You had 5 spell levels left.
You didn't know any spells.
Your spell library contained the following spells:

 Spells                   Type           Power      Damage    Failure   Level
 Magic Dart               Conj           0%         1d3       99%         1
 Call Imp                 Summ           0%         N/A       100%        2
 Mephitic Cloud           Conj/Pois/Air  0%         N/A       100%        3
 Olgreb's Toxic Radiance  Pois           0%         N/A       100%        4
 Iskenderun's Battlesphe  Conj           0%         2d6       100%        5
 Bombard                  Conj/Erth      0%         9d1       100%        6
 Spellforged Servitor     Conj/Summ      0%         N/A       100%        7
 Discord                  Hex            0%         N/A       100%        8
 Ignition                 Fire           0%         3d3       100%        8


Dungeon Overview and Level Annotations

Branches:
Dungeon (5/15)
 Temple: D:4-7

Altars:
Fedhas
Kikubaaqudgha
Ru


Innate Abilities, Weirdness & Mutations

You are a hulking beast.
Your limbs bulge with bestial killing power. (Slay +3)
Your natural rate of healing is accelerated.
You have razor-sharp teeth.
You have supernaturally acute eyesight. (SInv)
You are afflicted with vampirism and can become a bat while bloodless.


Message History

The orc hits you but does no damage.
You hit the orc. You bite the orc.
You kill the orc!
No target in view!
No target in view!
Found a blossoming altar of Fedhas.
Found a ring mail.
Found a stone staircase leading down.
You see here a +0 ring mail.
An ogre comes into view. It is wielding a +0 giant spiked club.
The ogre shouts!
The ogre hits you with a +0 giant spiked club.
You punch the ogre!
The ogre is heavily wounded.
You barely miss the ogre.
The ogre is heavily wounded.
The ogre hits you with a +0 giant spiked club!!
Ouch! That really hurt!
You are too injured to fight recklessly!
You are too injured to fight recklessly!
You are too injured to fight recklessly!
The ogre attacks as it pursues you!
The ogre hits you with a +0 giant spiked club!
* * * LOW HITPOINT WARNING * * *
You begin bloodletting.
You continue bloodletting.
The ogre barely misses you.
You continue bloodletting.
The ogre hits you with a +0 giant spiked club.
You stop emptying yourself of blood.
* * * LOW HITPOINT WARNING * * *
Okay, then.
Aiming: Polymorph
Press: ? - help, Shift-Dir - straight line, f - ogre
Aim: an ogre, wielding a +0 giant spiked club (heavily wounded, will become a tengu, a wyvern, or an acid dragon, chance to affect: 49%)
The ogre evaporates and reforms as an acid dragon!
Unknown command.
The acid dragon spits acid at you. The splash of acid hits you!!
Ouch! That really hurt!
You die...

........# #.#
........########### #.#
######..#.........#### #.#
#...............# #.#
#.[#†###.###.#..# ###.#
#..#...#.#.).#..# #...#
######..###.#.#D###..#
#.###
..........#.#.#.#....# #.#
######.._.......h._..#
##.##
####)...#.#.#.#....###)..#
#.....###.#.#.###........#
#.##..#...#.#...#.####...#
# #..#.###.###.#.#####.##
#....)......[........#
##....##...#.#######.#
#.####...###.##.# #.#
#.........##.##.# #.#


You could see an acid dragon (catching breath).

Vanquished Creatures
  Sigmund (D:2)
  A jelly (D:3)
  A hound (D:4)
  Crazy Yiuf (D:3)
  Jessica (D:3)
  An iguana (D:5)
  Terence (D:3)
  An orc wizard (D:5)
  3 adders
  A white imp (D:5)
  4 adder skeletons (D:2)
  An adder zombie (D:2)
  2 worms
  4 orcs (D:5)
  4 endoplasms
  6 giant cockroaches
  4 goblins
  4 hobgoblins
  3 jackals (D:4)
  6 kobolds
  3 quokkas
  4 ball pythons
  2 ball python skeletons (D:2)
  A ball python zombie (D:2)
  6 bats
  4 frilled lizards
  A quokka skeleton (D:2)
  3 rats
74 creatures vanquished.

Vanquished Creatures (others)
  A human (D:3)
1 creature vanquished.

Grand Total: 75 creatures vanquished

Notes
Turn   | Place    | Note
-------+----------+-------------------------------------------
     0 | D:1      | Malachi the Vampire Shapeshifter began the quest for the
                  | Orb.
     0 | D:1      | Reached XP level 1. HP: 14/14 MP: 1/1
   144 | D:1      | Found a faded altar of an unknown god.
   153 | D:1      | Reached skill level 1 in Fighting
   201 | D:1      | Reached XP level 2. HP: 21/21 MP: 2/2
   591 | D:2      | Gained mutation: You are afflicted with vampirism and can
                  | become a bat while bloodless. [Vampire growth]
   591 | D:2      | Reached XP level 3. HP: 16/26 MP: 3/3
  1031 | D:2      | Reached XP level 4. HP: 31/32 MP: 4/4
  1104 | D:2      | Noticed Sigmund
  1119 | D:2      | Killed Sigmund
  1120 | D:2      | Reached skill level 5 in Unarmed Combat
  1120 | D:2      | Reached skill level 5 in Shapeshifting
  1120 | D:2      | Reached XP level 5. HP: 21/37 MP: 5/5
  1252 | D:3      | Noticed Jessica
  1264 | D:3      | Killed Jessica
  1525 | D:3      | Noticed Terence
  1541 | D:3      | Killed Terence
  1542 | D:3      | Reached XP level 6. HP: 6/43 MP: 6/6
  1788 | D:3      | Found an ancient bone altar of Kikubaaqudgha.
  1788 | D:3      | Noticed a human
  1791 | D:3      | Killed a human
  1983 | D:3      | Found a runed translucent door.
  1984 | D:3      | Noticed Crazy Yiuf
  2305 | D:3      | Killed Crazy Yiuf
  3073 | D:5      | Entered Level 5 of the Dungeon
  3114 | D:5      | Noticed Edmund
  3161 | D:5      | HP: 2/43 [Edmund/+2 heavy dire flail (15)]
  3170 | D:5      | Edmund changed into Edmund the worm
  3170 | D:5      | Noticed Edmund
  3187 | D:5      | Killed Edmund the worm
  3282 | D:5      | Found a sacrificial altar of Ru.
  3298 | D:5      | Identified the +1 quarterstaff of Responsibility {spect,
                  | rC+ Str+5 Dex-2}
  3360 | D:5      | Found a blossoming altar of Fedhas.
  3392 | D:5      | an ogre changed into an acid dragon
  3392 | D:5      | Noticed an acid dragon
  3394 | D:5      | Killed from afar by an acid dragon

Illustrated notes

Levels and vault maps discovered:
D:1:      lightli_arrival_boilingwater, layout_loops_ring,
          ebering_ecumenical_altar_sacrificial
D:2:      layout_rooms, serial_undead, serial_undead_b, serial_undead_c,
          serial_undead_f, serial_undead_f, serial_undead_d, serial_undead_b,
          serial_undead_d, serial_undead_a, serial_undead_e, serial_undead_f,
          nrook_mini_vaults, uniq_sigmund
D:3:      layout_basic, tgw_kikubaaqudgha, uniq_terence, uniq_jessica,
          uniq_crazy_yiuf_cottage
D:4:      layout_basic
D:5:      layout_loops_ring, nemelex_dance_club_becter,
          mainiacjoe_overflow_large_starburst, temple_doors_e,
          minmay_statues_item, uniq_edmund

Skill      XL: |  1  2  3  4  5  6 |
---------------+-------------------+-----
Fighting       | 1 |  1.1
Unarmed Combat | 4 5 6 |  6.3
Shapeshifting  | 4 5 6 |  6.1
Dodging        | |  2.3

Action                     |  1- 3 |  4- 6 || total
---------------------------+-------+-------++-------
  Melee: Unarmed           |    95 |   139 ||   234
         Bite              |     9 |    15 ||    24
         Punch             |     1 |     5 ||     6
Ability: Exsanguinate      |       |     1 ||     1
  Evoke: Wand              |       |     2 ||     2
    Use: Scroll            |       |     4 ||     4
         Potion            |       |     1 ||     1
   Stab: Sleeping          |     1 |       ||     1
 Armour: Animal skin       |    35 |       ||    35
         Leather armour    |    14 |    31 ||    45
         Skin              |       |     1 ||     1
         Chain mail        |       |    59 ||    59
  Dodge: Dodged            |    51 |    54 ||   105

Table legend: (Time is in decaauts)
 A = Elapsed time spent in this place.
 B = Non-inter-level travel time spent in this place.
 C = Inter-level travel time spent in this place.
 D = Time resting spent in this place.
 E = Time spent auto-exploring this place.
 F = Levels seen in this place.
 G = Mean time per level.
                   A        B        C        D        E       F      G
               +--------+--------+--------+--------+--------+-----+--------+
         Total |   3381 |   3153 |    228 |    356 |   2181 |   5 |  676.2 |
       Dungeon |   3381 |   3153 |    228 |    356 |   2181 |   5 |  676.2 |
               +--------+--------+--------+--------+--------+-----+--------+

Top non-repeatable levels by time:
     D:3: 1156 daAuts
     D:1: 654 daAuts
     D:2: 643 daAuts
     D:4: 620 daAuts
     D:5: 306 daAuts
